[Event "Titled Tuesday Blitz January 17 Early 2023"]
[White "Bharath Subramaniyam H"]
[Black "Liyanage, Ranindu Dilshan"]
[WhiteFideId "46634827"]
[BlackFideId "9915834"]
[WhiteElo "2517"]
[BlackElo "2342"]
[Result "1-0"]
[Round "03"]
[TimeControl "180+2"]
[Date "2023.01.17"]
[WhiteClock "0:00:18"]
[BlackClock "0:00:12"]

1. e4 e5 2. Nf3 Nc6 3. d4 exd4 4. Nxd4 Nf6 5. Nxc6 bxc6 6. Nd2 Bc5 7. Nb3 Bb6 8. e5 Ng8 9. Qg4 Kf8 10. Bg5 d6 11. Qg3 Qe8 12. O-O-O Ne7 13. exd6 Nf5 14. Qf3 Nxd6 15. Bd3 f6 16. Bxf6 Qf7 17. Bc3 Qxf3 18. gxf3 Bxf2 19. Rhf1 Be3+ 20. Kb1 Kf7 21. Rfe1 Bg5 22. f4 Bf6 23. Be5 Bg4 24. Rd2 Rhe8 25. Rg1 Bf5 26. Bxd6 Bxd3 27. Rxd3 cxd6 28. Rxd6 Rac8 29. Rd7+ Re7 30. Rxe7+ Bxe7 31. Nd4 Bc5 32. Rd1 Bxd4 33. Rxd4 Ke6 34. c3 Rc7 35. Kc2 Kf5 36. Kd2 Re7 37. Rc4 Re6 38. Ra4 Re7 39. Rc4 Re6 40. a4 Kg4 41. Rd4 Re7 42. Kc2 g6 43. Kd1 Kh3 44. Rd2 Kg4 45. Rd4 Kh3 46. Rd6 Kxh2 47. Rxc6 Kg3 48. b4 Kxf4 49. a5 g5 50. b5 g4 51. b6 axb6 52. axb6 Rb7 53. Ke2 h6 54. Rxh6 Kg3 55. c4 Kg2 56. c5 Re7+ 57. Kd3 g3 58. Kc4 Kf3 59. Rg6 Re4+ 60. Kd5 Rg4 61. Rxg4 Kxg4 62. b7 g2 63. b8=Q 1-0


[Site "https://www.chess.com"]

[Event "Titled Tuesday Blitz January 17 Early 2023"]
[White "Babazada, Khazar"]
[Black "Belozerov, Andrei"]
[WhiteFideId "13413554"]
[BlackFideId "4120213"]
[WhiteElo "2474"]
[BlackElo "2461"]
[Result "1-0"]
[Round "03"]
[TimeControl "180+2"]
[Date "2023.01.17"]
[WhiteClock "0:00:47"]
[BlackClock "0:00:10"]

1. c4 e6 2. Nc3 d5 3. d4 c6 4. e3 Nf6 5. Nf3 Nbd7 6. Qc2 Bd6 7. Bd3 O-O 8. O-O dxc4 9. Bxc4 b5 10. Be2 Bb7 11. e4 e5 12. dxe5 Nxe5 13. Nh4 Re8 14. Nf5 Bf8 15. Rd1 Qc7 16. Nxb5 Qb6 17. Nc3 c5 18. Bg5 Neg4 19. Bxg4 Nxg4 20. h3 Ne5 21. Nd5 Bxd5 22. Rxd5 c4 23. Be3 Qg6 24. Rad1 Rac8 25. Qc3 Nd3 26. Ng3 a5 27. Rg5 Qe6 28. Nh5 Ne5 29. Rd5 f6 30. Rg3 Kh8 31. Bd4 Ng6 32. f3 Bb4 33. Qc1 Rc7 34. h4 Rg8 35. Rf5 Ne7 36. Nf4 Qd7 37. Rd5 Nxd5 38. Nxd5 Rc6 39. h5 h6 40. Rg6 Kh7 41. Bxf6 Qf7 42. Qf4 Rxf6 43. Nxf6+ Kh8 44. Rxh6+ gxh6 45. Qxh6+ Qh7 46. Qxh7# 1-0


[Site "https://www.chess.com"]

[Event "Titled Tuesday Blitz January 17 Early 2023"]
[White "Han, Yichen"]
[Black "Gorodetzky, David"]
[WhiteFideId "1054430"]
[BlackFideId "2813416"]
[WhiteElo "2413"]
[BlackElo "2485"]
[Result "0-1"]
[Round "03"]
[TimeControl "180+2"]
[Date "2023.01.17"]
[WhiteClock "0:01:29"]
[BlackClock "0:02:04"]

1. e4 c5 2. Nc3 Nc6 3. Bb5 Nd4 4. Nf3 e6 5. O-O a6 6. Bd3 Ne7 7. Re1 Nec6 8. Nd5 Bd6 9. Nxd4 cxd4 10. Qg4 O-O 11. Nf4 Ne5 12. Qh3 Qg5 13. g3 Nf3+ 14. Kf1 Bxf4 15. gxf4 Qg1+ 16. Ke2 Nxe1 0-1


[Site "https://www.chess.com"]

[Event "Titled Tuesday Blitz January 17 Early 2023"]
[White "Galchenko, Matvey"]
[Black "Demin, Vladimir"]
[WhiteFideId "24175480"]
[BlackFideId "4167457"]
[WhiteElo "2438"]
[BlackElo "2430"]
[Result "0-1"]
[Round "03"]
[TimeControl "180+2"]
[Date "2023.01.17"]
[WhiteClock "0:00:06"]
[BlackClock "0:00:14"]

1. f4 d5 2. Nf3 Nf6 3. g3 e6 4. Bg2 Be7 5. O-O O-O 6. d3 b5 7. Ne5 Bb7 8. c4 bxc4 9. dxc4 Nbd7 10. Nxd7 Qxd7 11. Nc3 Rfd8 12. e3 c5 13. Qb3 Rab8 14. Rd1 d4 15. Bxb7 Rxb7 16. Qc2 Qc6 17. Nb5 a6 18. Na3 Rbd7 19. Qg2 Ne4 20. exd4 cxd4 21. Bd2 f5 22. Ba5 Rb8 23. Rd3 Qa4 24. Be1 Nc5 25. Rdd1 d3 26. Rab1 Ne4 27. h3 d2 28. Bxd2 Bxa3 29. bxa3 Rxb1 30. Rxb1 Rxd2 31. Qf3 Qxc4 32. Rb8+ Kf7 33. Qh5+ Ke7 34. Qe8+ Kd6 35. Rd8+ Kc5 36. Rc8+ Kd4 37. Rxc4+ Kxc4 38. Qxe6+ Kd3 39. Qxa6+ Ke3 40. Qb6+ Kf3 41. Qb3+ Ke2 42. g4 g6 43. gxf5 gxf5 44. a4 Rd3 45. Qb5 Ke3 46. Qb6+ Kf3 47. Qb1 Rd2 48. Qb3+ Kxf4 49. a5 Re2 50. Qb1 Kg3 51. Qb3+ Kf4 52. Qd1 Re3 53. a6 Rg3+ 54. Kf1 Rxh3 55. a7 Rh1+ 56. Ke2 Nc3+ 57. Kd2 Rxd1+ 58. Kxc3 Rd8 59. Kc4 Ra8 60. Kb5 Rxa7 0-1


[Site "https://www.chess.com"]

[Event "Titled Tuesday Blitz January 17 Early 2023"]
[White "Ohanyan, Emin"]
[Black "Szpar, Milosz"]
[WhiteFideId "13312022"]
[BlackFideId "1184989"]
[WhiteElo "2444"]
[BlackElo "2447"]
[Result "0-1"]
[Round "03"]
[TimeControl "180+2"]
[Date "2023.01.17"]
[WhiteClock "0:00:02"]
[BlackClock "0:01:18"]

1. e4 c5 2. Nf3 d6 3. d4 cxd4 4. Nxd4 Nf6 5. Nc3 Nc6 6. Bc4 Qb6 7. Nxc6 bxc6 8. O-O g6 9. Bb3 Bg7 10. Be3 Qc7 11. f3 O-O 12. Qd2 Be6 13. Bh6 Rab8 14. Rfe1 Qb6+ 15. Kh1 Nd7 16. Bxg7 Kxg7 17. Ne2 Nc5 18. Nd4 Bd7 19. Qc3 e5 20. Ne2 a5 21. Rad1 a4 22. Bc4 Qxb2 23. Rxd6 Qxc3 24. Nxc3 Rb2 25. Nxa4 Nxa4 26. Rxd7 Nc5 27. Rd2 f5 28. exf5 gxf5 29. Kg1 e4 30. Kf2 Re8 31. g3 Kf6 32. Re3 f4 33. gxf4 Kf5 34. fxe4+ Rxe4 35. Bb3 Rxf4+ 36. Ke2 Ne4 37. Rd8 Rf2+ 38. Kd3 Rd2+ 39. Kc4 Rxd8 40. a4 Ke5 41. a5 Rd4# 0-1


[Site "https://www.chess.com"]

[Event "Titled Tuesday Blitz January 17 Early 2023"]
[White "Czernek, Tymon"]
[Black "Maximov, Dmitry"]
[WhiteFideId "1199510"]
[BlackFideId "14105659"]
[WhiteElo "2314"]
[BlackElo "2497"]
[Result "0-1"]
[Round "03"]
[TimeControl "180+2"]
[Date "2023.01.17"]
[WhiteClock "0:00:13"]
[BlackClock "0:00:34"]

1. e4 c5 2. Nf3 d6 3. d4 cxd4 4. Nxd4 Nf6 5. Nc3 a6 6. Bc4 Nbd7 7. O-O Qc7 8. Bb3 Nc5 9. Re1 e6 10. f4 Be7 11. Qf3 h5 12. h3 h4 13. Be3 Bd7 14. f5 e5 15. Nde2 Nxb3 16. axb3 Bc6 17. b4 Rd8 18. Red1 Kf8 19. Qf2 Rd7 20. Bb6 Qc8 21. Qe3 Kg8 22. b5 axb5 23. Ra5 b4 24. Rda1 Kh7 25. Nd5 Bxd5 26. exd5 Qxc2 27. b3 Qxf5 28. Rf1 Qg6 29. Kh2 Rc8 30. Ng1 Rc3 31. Qe1 Qg3+ 32. Qxg3 hxg3+ 33. Kh1 Nxd5 34. Nf3 Nxb6 0-1


[Site "https://www.chess.com"]

[Event "Titled Tuesday Blitz January 17 Early 2023"]
[White "Skatchkov, Valery"]
[Black "Pultinevicius, Paulius"]
[WhiteFideId "24195812"]
[BlackFideId "12809390"]
[WhiteElo "2167"]
[BlackElo "2537"]
[Result "0-1"]
[Round "03"]
[TimeControl "180+2"]
[Date "2023.01.17"]
[WhiteClock "0:00:08"]
[BlackClock "0:00:04"]

1. d4 Nf6 2. c4 e6 3. Nc3 Bb4 4. a3 Bxc3+ 5. bxc3 b6 6. f3 c5 7. e4 Nc6 8. d5 Na5 9. Bg5 h6 10. Bh4 d6 11. f4 g5 12. fxg5 Nxe4 13. Qh5 Nxg5 14. Nh3 Qf6 15. Rc1 exd5 16. Nxg5 hxg5 17. Qxg5 Qxg5 18. Bxg5 Nxc4 19. Bxc4 dxc4 20. Rd1 Kd7 21. Bf4 Re8+ 22. Kf2 Re6 23. Rhe1 Rf6 24. Kg3 Bb7 25. Bg5 Rg8 26. h4 Rfg6 27. Re7+ Kc6 28. Rxf7 b5 29. Kf4 a5 30. Kf5 Bc8+ 31. Kf4 b4 32. axb4 cxb4 33. Rd4 Ba6 34. Be7 Rg4+ 35. Ke3 Rg3+ 36. Rf3 Rxf3+ 37. Kxf3 b3 38. Rxd6+ Kb5 39. Bd8 Bb7+ 40. Ke3 Bc6 41. Kd2 a4 42. Bg5 a3 43. Kc1 Rf8 44. Rd1 Rf2 45. Kb1 Rb2+ 46. Ka1 Ra2+ 47. Kb1 Be4+ 48. Kc1 b2+ 49. Kd2 b1=Q+ 50. Ke3 Qxd1 0-1


[Site "https://www.chess.com"]

[Event "Titled Tuesday Blitz January 17 Early 2023"]
[White "Stribuk, Artiom"]
[Black "Andreev, Eduard"]
[WhiteFideId "13515659"]
[BlackFideId "14103400"]
[WhiteElo "2378"]
[BlackElo "2413"]
[Result "0-1"]
[Round "03"]
[TimeControl "180+2"]
[Date "2023.01.17"]
[WhiteClock "0:00:05"]
[BlackClock "0:00:08"]

1. d4 Nf6 2. c4 g6 3. g3 c6 4. Bg2 d5 5. cxd5 cxd5 6. Nc3 Bg7 7. Nf3 O-O 8. O-O Ne4 9. Nd2 Nxc3 10. bxc3 Nc6 11. e4 Be6 12. h4 h5 13. Re1 Rc8 14. Rb1 Na5 15. Ba3 Re8 16. Bb4 Nc4 17. Nxc4 Rxc4 18. exd5 Bxd5 19. Bxd5 Qxd5 20. Bxe7 Rxc3 21. Bf6 Rcc8 22. Rxe8+ Rxe8 23. Bxg7 Kxg7 24. a4 Re4 25. Rb4 b6 26. Qd2 Kh7 27. f3 Re6 28. Kf2 a6 29. Rb1 Kg7 30. Rc1 Rd6 31. Rd1 b5 32. axb5 axb5 33. Qb4 Rc6 34. Rd2 Rc4 35. Qb2 b4 36. Re2 Rc3 37. Qxb4 Qxf3+ 38. Ke1 Qxg3+ 39. Kd2 Qd3+ 40. Ke1 Rc1+ 41. Kf2 Qf5+ 42. Ke3 Rd1 43. Qd6 Rd3# 0-1


[Site "https://www.chess.com"]

[Event "Titled Tuesday Blitz January 17 Early 2023"]
[White "Trent, Lawrence"]
[Black "Krzyzanowski, Marcin"]
[WhiteFideId "408638"]
[BlackFideId "1132199"]
[WhiteElo "2403"]
[BlackElo "2512"]
[Result "1-0"]
[Round "03"]
[TimeControl "180+2"]
[Date "2023.01.17"]
[WhiteClock "0:00:11"]
[BlackClock "0:00:02"]

1. e4 c5 2. Nc3 d6 3. d4 cxd4 4. Qxd4 Nc6 5. Bb5 Bd7 6. Bxc6 Bxc6 7. Nf3 e5 8. Qd3 Rc8 9. O-O Nf6 10. Bg5 Be7 11. Bxf6 Bxf6 12. Rfd1 Be7 13. Nd5 O-O 14. c4 a6 15. a4 Bxd5 16. Qxd5 Qb6 17. Rd2 Qb4 18. Rc2 Bd8 19. Ne1 Bb6 20. Nd3 Qa5 21. Qxa5 Bxa5 22. b3 f5 23. exf5 Rxf5 24. Rd1 Bb6 25. Nb4 Rcf8 26. Rf1 Bd4 27. Nd5 R8f7 28. Re2 g5 29. Ne3 R5f6 30. Ng4 Re6 31. Rd1 Rf4 32. h3 h5 33. g3 hxg4 34. gxf4 Rh6 35. fxe5 dxe5 36. hxg4 Rh3 37. Rb1 Rg3+ 38. Kf1 Rxg4 39. b4 Kf7 40. c5 Ke6 41. Rc2 Kd5 42. b5 Bxc5 43. bxa6 bxa6 44. Rd1+ Bd4 45. Rb1 Rf4 46. Rb7 g4 47. Kg2 Rf3 48. Rd7+ Ke4 49. Re2+ Kd3 50. Rxe5 Rxf2+ 51. Kg3 Rf1 52. Red5 Rg1+ 53. Kh2 g3+ 54. Kh3 Ke2 55. Rxd4 Ra1 56. Rd2+ Kf3 57. R7d3+ Ke4 58. Rxg3 Kf5 59. Rf2+ Ke4 60. Rg4+ Ke3 61. Rf6 Rh1+ 62. Kg3 Rh5 63. Re6+ Kd3 64. Rxa6 Kc3 65. Rc6+ Kb3 66. a5 Rxa5 67. Rf4 Rd5 68. Rf3+ Kb4 69. Rcf6 Rg5+ 70. Kf2 Rg8 71. R6f4+ Kc5 72. Re3 Kd5 73. Kf3 Rh8 74. Rd3+ Ke5 75. Re4+ Kf6 76. Rd6+ Kf5 77. Rd5+ Kf6 78. Ke3 Rh1 79. Rde5 Re1+ 80. Kd4 Rd1+ 81. Kc4 Rc1+ 82. Kd3 Rd1+ 83. Ke2 Ra1 84. Rb5 Rh1 85. Ra4 Rh2+ 86. Kf1 Ke7 87. Ra6 Kd7 88. Rb7+ Kc8 89. Rg7 Rh8 90. Ra8# 1-0


[Site "https://www.chess.com"]

[Event "Titled Tuesday Blitz January 17 Early 2023"]
[White "Seo, Jung Min"]
[Black "Bethke, Richard"]
[WhiteFideId "1734687"]
[BlackFideId "12959243"]
[WhiteElo "2494"]
[BlackElo "2382"]
[Result "1-0"]
[Round "03"]
[TimeControl "180+2"]
[Date "2023.01.17"]
[WhiteClock "0:01:37"]
[BlackClock "0:00:01"]

1. e4 c6 2. d4 d5 3. e5 Bf5 4. Nf3 e6 5. Be2 Nd7 6. O-O h5 7. c4 Nh6 8. Nc3 dxc4 9. Bxc4 Nb6 10. Be2 Be7 11. Ne1 h4 12. h3 Qd7 13. Be3 Nd5 14. Nxd5 exd5 15. Qd2 a5 16. Nd3 Be4 17. Rac1 Nf5 18. Bg4 Qc7 19. f3 Nxe3 20. Qxe3 Bg6 21. f4 Bh5 22. Qf3 Bxg4 23. Qxg4 Kf8 24. f5 Rh6 25. e6 f6 26. Nf4 Bd6 27. Ng6+ Kg8 28. Nxh4 Qb6 29. Rc2 Be5 30. Nf3 Re8 31. Nxe5 fxe5 32. f6 1-0


[Site "https://www.chess.com"]

[Event "Titled Tuesday Blitz January 17 Early 2023"]
[White "ArchibaldCerveza29"]
[Black "Samunenkov, Ihor"]
[BlackFideId "14187086"]
[WhiteElo "2547"]
[BlackElo "2501"]
[Result "0-1"]
[Round "03"]
[TimeControl "180+2"]
[Date "2023.01.17"]
[WhiteClock "0:00:07"]
[BlackClock "0:00:19"]

1. d4 d5 2. c4 e6 3. Nc3 a6 4. cxd5 exd5 5. Qb3 c5 6. Qxd5 cxd4 7. Qxd8+ Kxd8 8. Ne4 Bf5 9. Ng3 Bg6 10. Nf3 Nc6 11. Bg5+ Nf6 12. h4 h5 13. a3 Bc5 14. b4 Ba7 15. Rd1 Re8 16. e4 Kc7 17. Bf4+ Kc8 18. Bd3 Nxe4 19. O-O Kd7 20. b5 axb5 21. Bxb5 Nc3 22. Ne5+ Rxe5 23. Bxc6+ bxc6 24. Bxe5 Nxd1 25. Rxd1 c5 26. Bxg7 Bb6 27. f4 Rxa3 28. f5 Rxg3 29. fxg6 Rxg6 30. Be5 Ke6 31. Bf4 c4 32. Kf2 Kd5 33. Kf3 c3 34. Rb1 Kc4 35. Ke4 Re6+ 36. Kf5 d3 37. g4 hxg4 38. h5 d2 39. h6 c2 40. Ra1 d1=Q 41. h7 Qd3+ 42. Kxg4 Qxh7 0-1


[Site "https://www.chess.com"]

[Event "Titled Tuesday Blitz January 17 Early 2023"]
[White "Manukian, Artak"]
[Black "Bernadskiy, Vitaliy"]
[WhiteFideId "13301373"]
[BlackFideId "14100371"]
[WhiteElo "2196"]
[BlackElo "2592"]
[Result "0-1"]
[Round "03"]
[TimeControl "180+2"]
[Date "2023.01.17"]
[WhiteClock "0:01:50"]
[BlackClock "0:01:53"]

1. e4 c5 2. Nf3 Nc6 3. c3 Nf6 4. e5 Nd5 5. d4 cxd4 6. cxd4 d6 7. Nc3 dxe5 8. dxe5 Nxc3 9. Qxd8+ Nxd8 10. bxc3 Bd7 11. Nd4 Rc8 12. Be3 e6 13. Kd2 Nc6 14. f4 Be7 15. Bd3 O-O 16. a4 Na5 17. Rhb1 Rfd8 18. Bb5 Bxb5 19. Rxb5 Nc4+ 20. Kd3 Nxe3 21. Kxe3 Rxc3+ 22. Ke4 Rc4 23. Rd1 Bc5 24. Rxb7 Rcxd4+ 0-1


[Site "https://www.chess.com"]

[Event "Titled Tuesday Blitz January 17 Early 2023"]
[White "Urazayev, Arystanbek"]
[Black "Aslanov, Umid"]
[WhiteFideId "13709810"]
[BlackFideId "13412620"]
[WhiteElo "2460"]
[BlackElo "2273"]
[Result "1-0"]
[Round "03"]
[TimeControl "180+2"]
[Date "2023.01.17"]
[WhiteClock "0:00:57"]
[BlackClock "0:00:27"]

1. d4 d5 2. c4 e6 3. Nf3 Nf6 4. Nc3 Be7 5. Bf4 O-O 6. a3 b6 7. cxd5 Nxd5 8. Nxd5 exd5 9. e3 c5 10. Bd3 Be6 11. Ne5 g6 12. Bh6 Re8 13. Bb5 f6 14. Bxe8 Qxe8 15. Nf3 Nc6 16. Bf4 Bg4 17. h3 Bxf3 18. Qxf3 cxd4 19. Qxd5+ Kg7 20. O-O Rd8 21. Qe6 d3 22. Rfd1 Qd7 23. Qxd7 Rxd7 24. Rd2 g5 25. Bh2 Bd6 26. Bxd6 Rxd6 27. Rad1 Ne5 28. f4 gxf4 29. exf4 Nc4 30. Rxd3 Re6 31. Rd7+ Kg6 32. Rxa7 Re2 33. g4 f5 34. b3 Nd2 35. Rb7 fxg4 36. hxg4 Kf6 37. Rxb6+ Ke7 38. f5 Nf3+ 39. Kf1 Rb2 40. Rd3 Nh2+ 41. Ke1 Nxg4 42. a4 h5 43. a5 h4 44. a6 Ra2 45. f6+ Kf7 46. Rd7+ Ke8 47. f7+ Kxd7 48. f8=Q 1-0


[Site "https://www.chess.com"]

[Event "Titled Tuesday Blitz January 17 Early 2023"]
[White "Rakhmanov, Aleksandr"]
[Black "Dwilewicz, Katarzyna"]
[WhiteFideId "4173708"]
[BlackFideId "1148486"]
[WhiteElo "2632"]
[BlackElo "2115"]
[Result "1-0"]
[Round "03"]
[TimeControl "180+2"]
[Date "2023.01.17"]
[WhiteClock "0:01:17"]
[BlackClock "0:00:01"]

1. d4 d5 2. c4 e6 3. Nc3 Bb4 4. cxd5 exd5 5. Bf4 Nf6 6. e3 O-O 7. Bd3 Re8 8. Ne2 c6 9. Qc2 Nbd7 10. a3 Ba5 11. h3 Nf8 12. b4 Bc7 13. b5 Ng6 14. Bxc7 Qxc7 15. bxc6 bxc6 16. O-O a5 17. Rfc1 Ba6 18. Nb5 Bxb5 19. Bxb5 Rec8 20. Bxc6 Ra6 21. Ba4 Qxc2 22. Rxc2 Rxc2 23. Bxc2 Rc6 24. Bd3 Ne4 25. Rb1 Kf8 26. Rb5 Nc3 27. Nxc3 Rxc3 28. Bxg6 hxg6 29. Rxa5 Ke7 30. Rxd5 Rxa3 31. g4 Ke6 32. Re5+ Kd6 33. Kg2 f6 34. Rb5 Ra7 35. h4 1-0


[Site "https://www.chess.com"]

[Event "Titled Tuesday Blitz January 17 Early 2023"]
[White "Lauridsen, Jesper Morch"]
[Black "Boruchovsky, Avital"]
[WhiteFideId "1401890"]
[BlackFideId "2800055"]
[WhiteElo "2309"]
[BlackElo "2539"]
[Result "0-1"]
[Round "03"]
[TimeControl "180+2"]
[Date "2023.01.17"]
[WhiteClock "0:00:15"]
[BlackClock "0:02:20"]

1. e4 c5 2. Nf3 e6 3. d4 cxd4 4. Nxd4 Nc6 5. Nc3 a6 6. g3 Bc5 7. Nxc6 bxc6 8. e5 Qb6 9. Qf3 Bd4 10. Ne4 Bxe5 11. Bf4 Qxb2 12. Rd1 d5 13. Nd6+ Ke7 14. Nxf7 Qc3+ 15. Qxc3 Bxc3+ 16. Ke2 Kxf7 17. Bh3 e5 18. Bxc8 Rxc8 19. Be3 Nf6 20. Rb1 Rb8 21. Rxb8 Rxb8 0-1


[Site "https://www.chess.com"]

[Event "Titled Tuesday Blitz January 17 Early 2023"]
[White "Benmesbah, Natacha"]
[Black "Dubov, Daniil"]
[WhiteFideId "642002"]
[BlackFideId "24126055"]
[WhiteElo "2261"]
[BlackElo "2708"]
[Result "0-1"]
[Round "03"]
[TimeControl "180+2"]
[Date "2023.01.17"]
[WhiteClock "0:01:32"]
[BlackClock "0:01:50"]

1. e4 c5 2. Nf3 e6 3. Qe2 Nc6 4. g3 g5 5. c3 g4 6. Ng1 d5 7. Bg2 d4 8. e5 Nge7 9. d3 Ng6 10. Bxc6+ bxc6 11. Qxg4 Nxe5 12. Qe4 Qd5 13. f4 Nxd3+ 14. Qxd3 Qxh1 0-1


[Site "https://www.chess.com"]

[Event "Titled Tuesday Blitz January 17 Early 2023"]
[White "Gauri, Shankar"]
[Black "Terry, Renato"]
[WhiteFideId "5041350"]
[BlackFideId "3803457"]
[WhiteElo "2360"]
[BlackElo "2520"]
[Result "0-1"]
[Round "03"]
[TimeControl "180+2"]
[Date "2023.01.17"]
[WhiteClock "0:00:03"]
[BlackClock "0:00:12"]

1. Nf3 d5 2. c4 d4 3. b4 f6 4. d3 e5 5. a3 c5 6. b5 Bd6 7. g3 a6 8. a4 Ne7 9. Bg2 axb5 10. cxb5 Be6 11. Nbd2 Bd5 12. O-O O-O 13. Qc2 Nd7 14. Nc4 Bc7 15. Bd2 Kh8 16. Rfb1 b6 17. a5 bxa5 18. b6 Nxb6 19. Nxa5 Nd7 20. Nb3 Bd6 21. Nh4 Bxg2 22. Kxg2 Qc7 23. Qc4 Nb6 24. Qe6 c4 25. dxc4 Nxc4 26. Rxa8 Rxa8 27. Rc1 Qb7+ 28. Nf3 Nxd2 29. Nxd2 Qd5 30. Qd7 Bb4 31. Qxd5 Nxd5 32. Ne4 h6 33. Nh4 Kh7 34. Rc6 Ra7 35. Nf5 h5 36. h4 Rd7 37. Ra6 Nc3 38. Kf3 Nd5 39. Rc6 Kg8 40. Rc8+ Kf7 41. Rc6 Bf8 42. Ned6+ Kg8 43. Rc8 g6 0-1


[Site "https://www.chess.com"]

[Event "Titled Tuesday Blitz January 17 Early 2023"]
[White "Dixit, Nikhil"]
[Black "Vokhidov, Shamsiddin"]
[WhiteFideId "5059534"]
[BlackFideId "14204223"]
[WhiteElo "2257"]
[BlackElo "2586"]
[Result "0-1"]
[Round "03"]
[TimeControl "180+2"]
[Date "2023.01.17"]
[WhiteClock "0:00:24"]
[BlackClock "0:01:15"]

1. e4 Nf6 2. e5 Nd5 3. d4 d6 4. Nf3 dxe5 5. Nxe5 c6 6. Nc3 Nxc3 7. bxc3 Nd7 8. Bf4 Qa5 9. Qd2 g6 10. Bc4 Nxe5 11. Bxe5 Bh6 12. Qd3 Bf5 13. Qf3 O-O 14. O-O Bxc2 15. Rae1 b5 16. Bb3 Bxb3 17. axb3 Bd2 18. Re2 Qxc3 19. Qe4 Bg5 20. d5 cxd5 21. Qg4 Qd3 22. Qxg5 Qxe2 23. Bc3 0-1


[Site "https://www.chess.com"]

[Event "Titled Tuesday Blitz January 17 Early 2023"]
[White "Kleiman, Jake"]
[Black "Jobava, Baadur"]
[WhiteFideId "2020041"]
[BlackFideId "13601520"]
[WhiteElo "2399"]
[BlackElo "2578"]
[Result "0-1"]
[Round "03"]
[TimeControl "180+2"]
[Date "2023.01.17"]
[WhiteClock "0:00:15"]
[BlackClock "0:02:08"]

1. e4 c6 2. Nc3 d5 3. Nf3 Bg4 4. h3 Bxf3 5. Qxf3 e6 6. a3 Nd7 7. d3 g6 8. g3 h5 9. Bg2 Bh6 10. Bxh6 Nxh6 11. h4 Qf6 12. Qe2 O-O-O 13. O-O-O d4 14. Nb1 Ng4 15. Rhf1 Kb8 16. Bh3 Nh6 17. f3 g5 18. f4 gxh4 19. e5 Qe7 20. gxh4 Qxh4 21. Bg2 Nf5 22. Rh1 Qxf4+ 0-1


[Site "https://www.chess.com"]

[Event "Titled Tuesday Blitz January 17 Early 2023"]
[White "Remizov, Yaroslav"]
[Black "Tologon tegin, Semetei"]
[WhiteFideId "34134015"]
[BlackFideId "13800574"]
[WhiteElo "2421"]
[BlackElo "2372"]
[Result "1-0"]
[Round "03"]
[TimeControl "180+2"]
[Date "2023.01.17"]
[WhiteClock "0:00:12"]
[BlackClock "0:00:03"]

1. e4 e5 2. Nf3 Nc6 3. Nc3 Nf6 4. Be2 Bb4 5. Nd5 Bc5 6. d3 h6 7. c3 d6 8. b4 Bb6 9. a4 a5 10. Nxb6 cxb6 11. b5 Ne7 12. c4 O-O 13. O-O Ng6 14. Re1 Be6 15. g3 Rc8 16. Bf1 Re8 17. Ba3 Bg4 18. h3 Bxf3 19. Qxf3 Nf8 20. Bb2 Ne6 21. h4 Nd7 22. Bh3 Ndc5 23. Kg2 Rc7 24. Qe3 Nb3 25. Rad1 Ned4 26. Rh1 Rce7 27. f4 Qc7 28. f5 f6 29. g4 Qc5 30. g5 hxg5 31. hxg5 fxg5 32. Bg4 Nc2 33. Qxg5 Ne3+ 34. Kg3 Nxg4 35. Qxg4 Qe3+ 36. Kg2 Rf7 37. Rh3 Qf4 38. Qxf4 exf4 39. Rdh1 Kf8 40. Kf3 Nc5 41. Kxf4 Nxa4 42. Ba3 Nc5 43. Rh8+ Ke7 44. d4 Nd3+ 45. Ke3 Rxh8 46. Rxh8 Nb4 47. Rb8 Kf6 48. Kf4 Rc7 49. e5+ dxe5+ 50. dxe5+ Kf7 51. Kg5 Rxc4 52. Rxb7+ Kg8 53. e6 Nd5 54. Rb8+ Kh7 55. Bb2 Ne3 56. e7 Rg4+ 57. Kh5 Re4 58. e8=Q Rxe8 59. Rxe8 Nxf5 60. Rb8 Nd6 61. Rxb6 Nc4 62. Ra6 Nxb2 63. b6 Nc4 64. b7 Nd6 65. b8=Q Nb7 66. Qxb7 1-0


[Site "https://www.chess.com"]

[Event "Titled Tuesday Blitz January 17 Early 2023"]
[White "Le, Tuan Minh"]
[Black "Fiorito, Joaquin"]
[WhiteFideId "12401153"]
[BlackFideId "180173"]
[WhiteElo "2542"]
[BlackElo "2405"]
[Result "1-0"]
[Round "03"]
[TimeControl "180+2"]
[Date "2023.01.17"]
[WhiteClock "0:00:04"]
[BlackClock "0:00:03"]

1. d4 Nf6 2. Nf3 d5 3. Bf4 c5 4. c3 Nc6 5. e3 Qb6 6. Qc2 g6 7. Nbd2 Bg7 8. Be2 O-O 9. O-O Bf5 10. dxc5 Qxc5 11. Qb3 Na5 12. Qa4 Nc6 13. h3 a6 14. Qb3 Na5 15. Qa4 Nc6 16. Nb3 Qa7 17. Nbd4 Bd7 18. Qb3 Nh5 19. Bh2 e5 20. Nxc6 bxc6 21. Nxe5 Nf6 22. Nxd7 Nxd7 23. Rfd1 Nc5 24. Qc2 Rfe8 25. Bf3 Ne6 26. Rac1 Ng5 27. Be2 Ne4 28. Bd3 Ng5 29. Bg3 h5 30. Qa4 Qd7 31. c4 Bxb2 32. Rc2 Be5 33. Bxe5 Rxe5 34. cxd5 Rxd5 35. Rcd2 Rd8 36. Qxa6 Ne6 37. Rc2 Rxd3 38. Rxd3 Qxd3 39. Qxc6 Qd1+ 40. Kh2 Qe1 41. Qc3 Qf1 42. h4 Ng7 43. e4 Ne6 44. f3 Nf4 45. Qf6 Qd3 46. Rc7 Rd7 47. Rc8+ Rd8 48. Rxd8+ Kh7 49. Rh8# 1-0


[Site "https://www.chess.com"]

[Event "Titled Tuesday Blitz January 17 Early 2023"]
[White "Aravindh, Chithambaram VR."]
[Black "Fernandez Garcia, Gumersindo"]
[WhiteFideId "5072786"]
[BlackFideId "24516740"]
[WhiteElo "2633"]
[BlackElo "2160"]
[Result "1-0"]
[Round "03"]
[TimeControl "180+2"]
[Date "2023.01.17"]
[WhiteClock "0:00:43"]
[BlackClock "0:00:23"]

1. c4 e5 2. d3 Nf6 3. Nf3 d6 4. Nc3 g6 5. g3 Bg7 6. Bg2 O-O 7. O-O c6 8. Rb1 a5 9. a3 h6 10. b4 axb4 11. axb4 Nbd7 12. b5 Qc7 13. Nd2 Nc5 14. Nb3 Nxb3 15. Qxb3 Nd7 16. Be3 f5 17. bxc6 bxc6 18. Nb5 Qb8 19. Bxc6 Ra6 20. Bd5+ Kh7 21. Qc2 Nb6 22. Bg2 f4 23. Bd2 Bf5 24. Bb4 Rf6 25. Nxd6 Rxd6 26. Bxd6 Qxd6 27. c5 Qc7 28. cxb6 Qxc2 29. b7 Qxe2 30. b8=Q f3 31. Rfe1 Qc2 32. Bxf3 Ra2 33. Re2 Qa4 34. Bd5 1-0


[Site "https://www.chess.com"]

[Event "Titled Tuesday Blitz January 17 Early 2023"]
[White "UnknownMagician"]
[Black "Zhigalko, Sergei"]
[BlackFideId "13502956"]
[WhiteElo "2637"]
[BlackElo "2572"]
[Result "1-0"]
[Round "03"]
[TimeControl "180+2"]
[Date "2023.01.17"]
[WhiteClock "0:00:48"]
[BlackClock "0:00:02"]

1. c4 e5 2. Nc3 Nf6 3. g3 c6 4. d4 exd4 5. Qxd4 Na6 6. Bg2 Bc5 7. Qd1 O-O 8. Nf3 Re8 9. O-O Bf8 10. b3 Nc5 11. Bb2 a5 12. Qc2 h6 13. Rad1 Qb6 14. Nd4 d6 15. Nf5 Bxf5 16. Qxf5 a4 17. Rb1 axb3 18. axb3 Qxb3 19. Nd5 cxd5 20. Bxf6 Qa4 21. Bb2 dxc4 22. Bd5 Qd7 23. Qf3 Ra4 24. Bd4 Nb3 25. Bc3 Re7 26. Rfd1 Qc7 27. h4 b5 28. g4 Ra2 29. g5 Rexe2 30. Rf1 Qd7 31. gxh6 Kh7 32. Bxf7 g6 33. h5 Bxh6 34. hxg6# 1-0


[Site "https://www.chess.com"]